[Event "94th FRA-ch Women 2019"]
[Site "Chartres"]
[Date "2019.08.17"]
[Round "1.2"]
[White "Navrotescu, Andreea-Cristiana"]
[Black "Safranska, Anda"]
[Result "1-0"]
[ECO "A42"]
[WhiteElo "2210"]
[BlackElo "2128"]
[Annotator "NA"]
[PlyCount "65"]
[EventDate "2019.08.17"]
[EventType "tourn"]
[EventCountry "FRA"]
[SourceTitle "playchess.com"]
[Source "ChessBase"]
[SourceQuality "1"]
[TimeControl "40/5400+30:1800+30"]

1. d4 g6 2. c4 Bg7 3. e4 d6 4. Nc3 e5 5. Nge2 Nc6 6. Be3 Nh6 7. f3 f5 8. d5 Ne7 9. Qd2 Nf7 10. g3 O-O 11. Bg2 c5 12. O-O Kh8 13. a3 Ng8 14. exf5 Bxf5 15. g4 Bd7 16. Ne4 b6 17. N2g3 Rb8 18. Rf2 Qe7 19. Bf1 Bh6 20. g5 Bg7 21. Bd3 Bf5 22. h4 h5 23. gxh6 Nfxh6 24. Bg5 Qd7 25. Rh2 Bxe4 26. Bxe4 Nf5 27. h5 Nge7 28. hxg6+ Kg8 29. Bxe7 Nxe7 30. Qg5 Rf4 31. Rh7 Bf6 32. Qh6 Rxe4 33. Rh8+ 1-0

[Event "94th FRA-ch Women 2019"]
[Site "Chartres"]
[Date "2019.08.17"]
[Round "1.3"]
[White "Leconte, Maria"]
[Black "Guichard, Pauline"]
[Result "1/2-1/2"]
[ECO "C48"]
[WhiteElo "2252"]
[BlackElo "2405"]
[Annotator "NA"]
[PlyCount "75"]
[EventDate "2019.08.17"]
[EventType "tourn"]
[EventCountry "FRA"]
[SourceTitle "playchess.com"]
[Source "ChessBase"]
[SourceQuality "1"]
[TimeControl "40/5400+30:1800+30"]

1. e4 e5 2. Nf3 Nc6 3. Nc3 Nf6 4. Bb5 Nd4 5. Nxd4 exd4 6. e5 dxc3 7. exf6 Qxf6 8. dxc3 Bc5 9. Qe2+ Qe6 10. O-O c6 11. Qh5 d5 12. Bd3 Qg4 13. Qe5+ Kf8 14. Be3 Be7 15. Bd4 f6 16. Qe3 b6 17. Rfe1 Qd7 18. Re2 Kf7 19. Rae1 Bd6 20. b4 Qc7 21. Qf3 Bd7 22. c4 Rae8 23. Qh5+ g6 24. Qh4 Be5 25. cxd5 Bxd4 26. Qxd4 Rxe2 27. Rxe2 Qd6 28. c4 Qxb4 29. h4 Re8 30. Rxe8 Bxe8 31. Qe4 Qd6 32. h5 f5 33. Qd4 Qf6 34. Qf4 Qe7 35. Kh2 Kf6 36. hxg6 hxg6 37. Qh4+ Kf7 38. Qh7+ 1/2-1/2

[Event "94th FRA-ch Women 2019"]
[Site "Chartres"]
[Date "2019.08.17"]
[Round "1.4"]
[White "Maisuradze, Nino"]
[Black "Richard, Emma"]
[Result "0-1"]
[ECO "D02"]
[WhiteElo "2203"]
[BlackElo "2104"]
[Annotator "NA"]
[PlyCount "94"]
[EventDate "2019.08.17"]
[EventType "tourn"]
[EventCountry "FRA"]
[SourceTitle "playchess.com"]
[Source "ChessBase"]
[SourceQuality "1"]
[TimeControl "40/5400+30:1800+30"]

1. d4 Nf6 2. Nf3 e6 3. Bf4 d5 4. e3 Bd6 5. Bg5 h6 6. Bh4 c5 7. c3 Nbd7 8. Be2 O-O 9. O-O Qc7 10. Nbd2 Ne4 11. Rc1 Nxd2 12. Qxd2 c4 13. Bg3 b5 14. Bd1 a5 15. Bc2 Bb7 16. Bb1 Bxg3 17. hxg3 Qd6 18. g4 g6 19. Rce1 Kg7 20. Qc2 b4 21. Nd2 Nf6 22. f3 Rfc8 23. Kf2 h5 24. g5 Nd7 25. f4 Rab8 26. Rh1 Rh8 27. Nf3 Bc6 28. Nh4 bxc3 29. bxc3 Qa3 30. Re2 Ba4 31. Qd2 Rb7 32. g4 hxg4 33. f5 Rxb1 34. f6+ Kg8 35. Rxb1 Rxh4 36. Kg1 g3 37. Rg2 Rg4 38. Qe1 Qd6 39. e4 dxe4 40. Rb7 Bc6 41. Qe2 Qf4 42. Rb1 Qxg5 43. Rf1 e3 44. Qxc4 Qd5 45. Qxd5 Bxd5 46. Re1 Bxg2 47. Kxg2 Nxf6 0-1

[Event "94th FRA-ch Women 2019"]
[Site "Chartres"]
[Date "2019.08.17"]
[Round "1.5"]
[White "Monpeurt, Cyrielle"]
[Black "Thomas, Anysia"]
[Result "1-0"]
[ECO "A45"]
[WhiteElo "2171"]
[BlackElo "2158"]
[Annotator "NA"]
[PlyCount "103"]
[EventDate "2019.08.17"]
[EventType "tourn"]
[EventCountry "FRA"]
[SourceTitle "playchess.com"]
[Source "ChessBase"]
[SourceQuality "1"]
[TimeControl "40/5400+30:1800+30"]

1. d4 Nf6 2. Bf4 g6 3. Nc3 d5 4. e3 Bg7 5. h4 h5 6. Nf3 Bg4 7. Qd2 Bxf3 8. gxf3 c6 9. O-O-O Nbd7 10. e4 e6 11. Kb1 Nb6 12. Be5 a5 13. Qf4 Nbd7 14. Bd6 Bh6 15. Qg3 Bf8 16. Bxf8 Nxf8 17. exd5 Nxd5 18. Ne4 Qb8 19. c4 Qxg3 20. fxg3 Ne3 21. Rd3 Nxf1 22. Rxf1 b6 23. d5 O-O-O 24. Rfd1 exd5 25. cxd5 f5 26. Nc3 cxd5 27. Nxd5 Kb7 28. Nf4 Rxd3 29. Rxd3 Rh7 30. Rd6 Re7 31. Rf6 Re8 32. Kc2 b5 33. Kd3 Rd8+ 34. Ke3 Re8+ 35. Kd4 Rd8+ 36. Nd5 Ka7 37. Rf7+ Ka6 38. Re7 Rd7 39. Rxd7 Nxd7 40. Ne7 Nf8 41. Ke5 Nd7+ 42. Kd6 Nb6 43. b3 b4 44. Nxg6 a4 45. Kc5 Ka5 46. Ne5 axb3 47. axb3 Nc8 48. Nc6+ Ka6 49. Nxb4+ Kb7 50. Nd5 Ka6 51. b4 Na7 52. Nf4 1-0

[Event "94th FRA-ch Women 2019"]
[Site "Chartres"]
[Date "2019.08.18"]
[Round "2.1"]
[White "Navrotescu, Andreea-Cristiana"]
[Black "Maisuradze, Nino"]
[Result "1/2-1/2"]
[ECO "D36"]
[WhiteElo "2210"]
[BlackElo "2203"]
[Annotator "NA"]
[PlyCount "57"]
[EventDate "2019.08.17"]
[EventType "tourn"]
[EventCountry "FRA"]
[SourceTitle "playchess.com"]
[Source "ChessBase"]
[SourceQuality "1"]
[TimeControl "40/5400+30:1800+30"]

1. d4 d5 2. c4 e6 3. Nc3 Nf6 4. Bg5 Be7 5. e3 O-O 6. cxd5 exd5 7. Bd3 c6 8. Qc2 Nbd7 9. Nge2 Re8 10. O-O Nf8 11. Rae1 Ne4 12. Bf4 Nxc3 13. Nxc3 Bg4 14. f3 Bh5 15. Qf2 Ne6 16. Bg3 Bf6 17. Kh1 $11 Bg6 18. Bxg6 hxg6 19. Rd1 a5 20. e4 Qd7 21. Na4 Bd8 22. Nc5 Qc8 23. exd5 cxd5 24. Rfe1 Bf6 25. Nxe6 Rxe6 26. Be5 Raa6 27. f4 Rac6 28. Kg1 Qd7 29. Qf3 1/2-1/2

[Event "94th FRA-ch Women 2019"]
[Site "Chartres"]
[Date "2019.08.18"]
[Round "2.2"]
[White "Safranska, Anda"]
[Black "Milliet, Sophie"]
[Result "0-1"]
[ECO "B26"]
[WhiteElo "2128"]
[BlackElo "2397"]
[Annotator "NA"]
[PlyCount "92"]
[EventDate "2019.08.17"]
[EventType "tourn"]
[EventCountry "FRA"]
[SourceTitle "playchess.com"]
[Source "ChessBase"]
[SourceQuality "1"]
[TimeControl "40/5400+30:1800+30"]

1. e4 c5 2. Nc3 Nc6 3. g3 g6 4. Bg2 Bg7 5. d3 d6 6. Be3 e5 7. Qd2 Nge7 8. Bh6 Bxh6 $11 9. Qxh6 Nd4 10. Qd2 O-O 11. h4 h5 12. O-O-O b5 13. Kb1 b4 14. Nce2 Nec6 15. Nc1 a5 16. f4 Bg4 17. Rf1 a4 18. f5 Kh7 19. Nh3 f6 20. fxg6+ Kxg6 21. Nf2 b3 22. cxb3 axb3 23. a3 Qa5 24. Qxa5 Nxa5 25. Nxg4 hxg4 26. Rf2 c4 27. dxc4 Nxc4 28. Bf1 Ne3 29. Bd3 Rab8 30. Ne2 Nf3 31. Nc3 Rfc8 32. Re2 Nc4 33. Bxc4 Rxc4 34. Rd1 Rd4 35. Kc1 Rc8 36. Re3 f5 37. exf5+ Kxf5 38. Rdd3 d5 39. Kd1 Rxd3+ 40. Rxd3 d4 41. Nb5 Rd8 42. Rxb3 e4 43. Rb4 e3 44. Ke2 Ng1+ 45. Kd3 e2 46. Kd2 d3 0-1

[Event "94th FRA-ch Women 2019"]
[Site "Chartres"]
[Date "2019.08.18"]
[Round "2.3"]
[White "Guichard, Pauline"]
[Black "Monpeurt, Cyrielle"]
[Result "1/2-1/2"]
[ECO "A11"]
[WhiteElo "2405"]
[BlackElo "2171"]
[Annotator "NA"]
[PlyCount "106"]
[EventDate "2019.08.17"]
[EventType "tourn"]
[EventCountry "FRA"]
[SourceTitle "playchess.com"]
[Source "ChessBase"]
[SourceQuality "1"]
[TimeControl "40/5400+30:1800+30"]

1. c4 c6 2. g3 d5 3. Nf3 Nf6 4. Bg2 Bg4 5. Ne5 Be6 6. cxd5 Bxd5 7. Nf3 c5 8. Nc3 {[%emt 0:00:36] A11: English Opening: 1...c6} Bc6 9. O-O e6 10. Re1 (10. Qc2 Be7 11. Rd1 O-O 12. d4 cxd4 13. Nxd4 Bxg2 14. Kxg2 Nbd7 15. Bg5 {½-½ (15) Svidler,P (2765)-Karjakin,S (2760) Riadh 2017}) 10... Nbd7 11. e4 Be7 12. d4 Nb6 13. a4 $146 ({Predecessor:} 13. Bg5 O-O {0-1 (45) Horvath,D (2286)-Laza,S (2168) Zalakaros 2016}) 13... a5 14. Bg5 cxd4 15. Nxd4 Rc8 16. Nxc6 Qxd1 17. Raxd1 bxc6 18. Bf1 Bb4 19. Ba6 Rc7 20. Be3 Nbd7 21. f3 Ke7 $11 22. Rc1 Rb8 23. Be2 Bc5 24. Bxc5+ Nxc5 25. Rc2 Rcb7 26. Rb1 Nb3 27. Bf1 Nd4 28. Rf2 e5 29. Bc4 Rb4 30. Ba2 Nd7 31. f4 f6 32. Kg2 R8b7 33. h4 h6 34. Kh3 Rb8 35. Kg4 R8b7 36. Kh5 Ke8 37. Rd2 f5 38. exf5 Nf6+ 39. Kg6 exf4 40. Re1+ Kf8 41. gxf4 Rxb2 42. Red1 Rxd2 43. Rxd2 Rd7 44. Rb2 Rd6 45. Rb8+ Ne8+ 46. Be6 Nxe6 47. fxe6 Rxe6+ 48. Kf5 Rd6 49. Ne4 Rd5+ 50. Ke6 Rd4 51. Ke5 Rd5+ 52. Ke6 Rd4 53. Ke5 Rd5+ 1/2-1/2

[Event "94th FRA-ch Women 2019"]
[Site "Chartres"]
[Date "2019.08.18"]
[Round "2.4"]
[White "Thomas, Anysia"]
[Black "Broly, Mathilde"]
[Result "1-0"]
[ECO "D85"]
[WhiteElo "2158"]
[BlackElo "2177"]
[Annotator "NA"]
[PlyCount "111"]
[EventDate "2019.08.17"]
[EventType "tourn"]
[EventCountry "FRA"]
[SourceTitle "playchess.com"]
[Source "ChessBase"]
[SourceQuality "1"]
[TimeControl "40/5400+30:1800+30"]

1. d4 Nf6 2. c4 g6 3. Nc3 d5 4. cxd5 Nxd5 5. e4 Nxc3 6. bxc3 Bg7 7. Be3 c5 8. Nf3 Qa5 9. Qd2 Nc6 10. Rb1 a6 11. Rc1 cxd4 12. cxd4 Qxd2+ 13. Kxd2 O-O 14. d5 Ne5 15. Nxe5 Bxe5 16. f4 Bd6 17. Rb1 b5 18. Be2 Bc7 19. Bf3 Bd7 20. Rhc1 Rac8 21. Ke2 e6 22. d6 Bd8 23. e5 f6 24. Rxc8 Bxc8 25. Rc1 Bd7 26. Bc6 Rf7 27. Bxd7 Rxd7 28. Rc8 Kf7 29. Rb8 g5 30. g3 gxf4 31. gxf4 fxe5 32. fxe5 Kg6 33. Kd3 Kf5 34. Bd4 Kf4 35. Rc8 h5 36. Rc1 h4 37. Rf1+ Kg4 38. Rg1+ Kf5 39. Rg8 Bg5 40. Rf8+ Kg6 41. Ke4 Bd8 42. Rg8+ Kf7 43. Rg4 Ke8 44. Rg6 Kf7 45. Rh6 Bg5 46. Rh7+ Ke8 47. Rh8+ Kf7 48. Ra8 Kg7 49. Rxa6 Kg6 50. Ra7 Rd8 51. Be3 Bxe3 52. Kxe3 Kf5 53. Kd4 Rc8 54. Rf7+ Kg4 55. d7 Rc1 56. Ke4 1-0

[Event "94th FRA-ch Women 2019"]
[Site "Chartres"]
[Date "2019.08.18"]
[Round "2.5"]
[White "Richard, Emma"]
[Black "Leconte, Maria"]
[Result "0-1"]
[ECO "C87"]
[WhiteElo "2104"]
[BlackElo "2252"]
[Annotator "NA"]
[PlyCount "64"]
[EventDate "2019.08.17"]
[EventType "tourn"]
[EventCountry "FRA"]
[SourceTitle "playchess.com"]
[Source "ChessBase"]
[SourceQuality "1"]
[TimeControl "40/5400+30:1800+30"]

1. e4 e5 2. Nf3 Nc6 3. Bb5 a6 4. Ba4 Nf6 5. O-O Be7 6. d3 d6 7. c3 Bg4 8. h3 Bh5 9. Re1 Qd7 10. Nbd2 g5 11. Bxc6 bxc6 12. d4 g4 13. hxg4 $16 Nxg4 14. dxe5 Rg8 15. Qa4 Nxe5 16. Nxe5 dxe5 17. Nf1 Bf3 18. Ng3 h5 19. Re3 Bg4 20. Nf5 h4 21. Rd3 Qxd3 22. Qxc6+ Qd7 23. Qxa8+ Bd8 24. Ne3 Bf3 25. Qd5 Qxd5 26. exd5 h3 27. Bd2 Bg5 28. Re1 Bxe3 29. Rxe3 Rxg2+ 30. Kf1 h2 31. Rxe5+ Kd7 32. Rh5 Rg1# 0-1

[Event "94th FRA-ch Women 2019"]
[Site "Chartres"]
[Date "2019.08.19"]
[Round "3.1"]
[White "Monpeurt, Cyrielle"]
[Black "Richard, Emma"]
[Result "0-1"]
[ECO "E11"]
[WhiteElo "2171"]
[BlackElo "2104"]
[Annotator "NA"]
[PlyCount "60"]
[EventDate "2019.08.17"]
[EventType "tourn"]
[EventCountry "FRA"]
[SourceTitle "playchess.com"]
[Source "ChessBase"]
[SourceQuality "1"]
[TimeControl "40/5400+30:1800+30"]

1. d4 Nf6 2. c4 e6 3. Nf3 Bb4+ 4. Bd2 a5 5. g3 O-O 6. Bg2 d5 7. Qc2 Be7 8. O-O Nbd7 9. Nc3 dxc4 10. e4 c6 11. a4 e5 12. d5 Qc7 13. Rad1 Rd8 14. dxc6 bxc6 15. Bg5 h6 16. Bxf6 Bxf6 17. Bh3 Ba6 18. Bxd7 Rxd7 19. Rxd7 Qxd7 20. Rd1 Qc7 21. Rd2 Rb8 22. Ne1 Bc8 23. Nd1 Bg5 24. Re2 Qb6 25. h4 Be7 26. Ne3 Ba6 27. Nxc4 Qb4 28. b3 Qxb3 29. Qxb3 Rxb3 30. Rb2 Bxc4 0-1

[Event "94th FRA-ch Women 2019"]
[Site "Chartres"]
[Date "2019.08.19"]
[Round "3.2"]
[White "Milliet, Sophie"]
[Black "Thomas, Anysia"]
[Result "1-0"]
[ECO "B38"]
[WhiteElo "2397"]
[BlackElo "2158"]
[Annotator "NA"]
[PlyCount "113"]
[EventDate "2019.08.17"]
[EventType "tourn"]
[EventCountry "FRA"]
[SourceTitle "playchess.com"]
[Source "ChessBase"]
[SourceQuality "1"]
[TimeControl "40/5400+30:1800+30"]

1. e4 c5 2. Nf3 g6 3. c4 Bg7 4. d4 cxd4 5. Nxd4 Nc6 6. Be3 Qb6 7. Nb3 Qd8 8. Qd2 Nf6 9. f3 d6 10. Nc3 O-O 11. Rc1 a5 12. Na4 Nd7 13. Be2 b6 14. O-O Nc5 15. Nc3 Ba6 16. Rfd1 Rc8 17. Nd5 e6 18. Nxb6 Qxb6 19. Qxd6 Be5 20. Bxc5 Bxd6 21. Bxb6 Bf4 22. Rb1 a4 23. Nc5 Be3+ 24. Kf1 Ne5 25. Nxa6 Bxb6 26. Rbc1 Bc5 27. f4 Be3 28. fxe5 Bxc1 29. Rxc1 Rfd8 30. c5 Rd2 31. c6 Rxb2 32. c7 Kg7 33. Rd1 Rc2 34. a3 Rc3 35. Bb5 Kh6 36. Bxa4 Kg5 37. Bd7 R8xc7 38. Nxc7 Rxc7 39. Bb5 Kf4 40. Re1 Rc3 41. a4 Ra3 42. Kf2 g5 43. Be8 Kxe5 44. Re3 Ra2+ 45. Re2 Ra3 46. Ke1 f6 47. Kd2 Kd4 48. Kc1 Rc3+ 49. Kb2 Rc8 50. Bb5 h5 51. Kb3 h4 52. a5 g4 53. a6 f5 54. exf5 exf5 55. Ra2 Ra8 56. Bc6 Ra7 57. Kb4 1-0

[Event "94th FRA-ch Women 2019"]
[Site "Chartres"]
[Date "2019.08.19"]
[Round "3.3"]
[White "Leconte, Maria"]
[Black "Navrotescu, Andreea-Cristiana"]
[Result "1/2-1/2"]
[ECO "C15"]
[WhiteElo "2252"]
[BlackElo "2210"]
[Annotator "NA"]
[PlyCount "115"]
[EventDate "2019.08.17"]
[EventType "tourn"]
[EventCountry "FRA"]
[SourceTitle "playchess.com"]
[Source "ChessBase"]
[SourceQuality "1"]
[TimeControl "40/5400+30:1800+30"]

1. e4 e6 2. d4 d5 3. Nc3 Bb4 4. Nge2 dxe4 5. a3 Be7 6. Nxe4 Nf6 7. Nxf6+ Bxf6 8. Be3 O-O 9. Qd2 c6 10. O-O-O b5 11. Ng3 Nd7 12. Nh5 Be7 13. h4 Re8 14. Bd3 Bf8 15. Rh3 Kh8 16. Rg3 e5 17. Bf5 Nb6 18. Bxc8 Nc4 19. Qc3 Nxe3 20. Rxe3 Rxc8 21. dxe5 Qxh4 22. Ng3 c5 23. Re4 Qh6+ 24. Qe3 Qxe3+ 25. Rxe3 g6 26. Kb1 Rcd8 27. Rxd8 Rxd8 28. Ne4 Rd1+ 29. Ka2 Kg7 30. Re2 h6 31. f3 a6 32. a4 Rd8 33. axb5 axb5 34. Rd2 Rxd2 35. Nxd2 g5 36. g4 Kg6 37. c4 bxc4 38. Nxc4 h5 39. gxh5+ Kxh5 40. Kb3 Kg6 41. Ne3 Bg7 42. Kc4 Bxe5 43. Kxc5 Bxb2 44. Kc4 Bc1 45. Nd5 Kf5 46. Kd3 Ke5 47. Nc3 Kf4 48. Ke2 Kg3 49. Ne4+ Kg2 50. Nd6 f6 51. Nf5 Bf4 52. Nh6 Bc1 53. Nf5 Bd2 54. Nd4 Bf4 55. Nf5 Bc1 56. Nd6 Ba3 57. Nf5 Bc5 58. Ng7 1/2-1/2

[Event "94th FRA-ch Women 2019"]
[Site "Chartres"]
[Date "2019.08.19"]
[Round "3.4"]
[White "Maisuradze, Nino"]
[Black "Safranska, Anda"]
[Result "1-0"]
[ECO "B06"]
[WhiteElo "2203"]
[BlackElo "2128"]
[Annotator "NA"]
[PlyCount "73"]
[EventDate "2019.08.17"]
[EventType "tourn"]
[EventCountry "FRA"]
[SourceTitle "playchess.com"]
[Source "ChessBase"]
[SourceQuality "1"]
[TimeControl "40/5400+30:1800+30"]

1. d4 d6 2. e4 g6 3. Nc3 a6 4. f4 b5 5. Nf3 Bb7 6. Bd3 Bg7 7. Be3 Nd7 8. e5 e6 9. O-O Ne7 10. Qd2 Nb6 11. Qe2 O-O 12. Rad1 Qd7 13. Ne4 Ned5 14. Bd2 f5 15. exf6 Nxf6 16. Neg5 Rae8 17. Rde1 Bc8 18. c3 Nbd5 19. Nh4 Qd8 20. Bc2 c6 21. Kh1 Bd7 22. a3 Bc8 23. b3 Nc7 24. c4 Nd7 25. Ba5 Nf6 26. Rf3 Nh5 27. Qe4 d5 28. Qe3 dxc4 29. Bxc7 Qxc7 30. Nxh7 Rxf4 31. Nxg6 Bxd4 32. Qd2 Rxf3 33. gxf3 Bg7 34. Qg5 cxb3 35. Be4 Qf7 36. Qxh5 b2 37. Ng5 1-0

[Event "94th FRA-ch Women 2019"]
[Site "Chartres"]
[Date "2019.08.19"]
[Round "3.5"]
[White "Broly, Mathilde"]
[Black "Guichard, Pauline"]
[Result "0-1"]
[ECO "A17"]
[WhiteElo "2177"]
[BlackElo "2405"]
[Annotator "NA"]
[PlyCount "78"]
[EventDate "2019.08.17"]
[EventType "tourn"]
[EventCountry "FRA"]
[SourceTitle "playchess.com"]
[Source "ChessBase"]
[SourceQuality "1"]
[TimeControl "40/5400+30:1800+30"]

1. c4 Nf6 2. Nc3 e6 3. g3 d5 4. Bg2 d4 5. Ne4 Nxe4 6. Bxe4 c5 7. d3 Bd6 8. Bg2 Nc6 9. Nf3 O-O 10. O-O e5 11. a3 a5 12. b3 h6 13. Ne1 Bf5 14. Nc2 Qd7 15. Rb1 Bh3 16. e3 Bxg2 17. Kxg2 Be7 18. Bb2 Ra6 19. exd4 exd4 20. f4 Bf6 21. Bc1 Ne7 22. Qf3 Re6 23. Bd2 Nf5 24. Rfe1 Rfe8 25. Kf2 Ne3 26. Bxe3 dxe3+ 27. Ke2 Bc3 28. Red1 Bd2 29. b4 Rd8 30. Rxd2 exd2+ 31. Kxd2 Rd6 32. Rb3 b5 33. cxb5 c4 34. Rc3 cxd3 35. Ne1 axb4 36. axb4 Qxb5 37. Rxd3 Qxb4+ 38. Kd1 Qc3 39. Rxd6 Rxd6+ 0-1

[Event "94th FRA-ch Women 2019"]
[Site "Chartres"]
[Date "2019.08.20"]
[Round "4.1"]
[White "Maisuradze, Nino"]
[Black "Leconte, Maria"]
[Result "1-0"]
[ECO "A28"]
[WhiteElo "2203"]
[BlackElo "2252"]
[Annotator "NA"]
[PlyCount "95"]
[EventDate "2019.08.17"]
[EventType "tourn"]
[EventCountry "FRA"]
[SourceTitle "playchess.com"]
[Source "ChessBase"]
[SourceQuality "1"]
[TimeControl "40/5400+30:1800+30"]

1. c4 e5 2. Nc3 Nc6 3. Nf3 Nf6 4. e4 d6 5. d3 Be7 6. Be2 O-O 7. h3 Nd4 8. Nxd4 exd4 9. Nb1 a6 10. O-O Nd7 11. Nd2 Bf6 12. f4 b5 13. b3 Re8 14. g4 h6 15. Bf3 Rb8 16. Bg2 Nc5 17. Qf3 Qe7 18. Bb2 Bb7 19. Ba3 Nd7 20. Qf2 c5 21. Nf3 g6 22. Rae1 Bg7 23. h4 Nf6 24. Bh3 Bc8 25. f5 Nh7 26. Bc1 Qb7 27. g5 h5 28. Qg3 Be5 29. Bf4 Qc7 30. fxg6 fxg6 31. Bxc8 Rbxc8 32. Re2 Re7 33. Ref2 Rf8 34. Bxe5 dxe5 35. Nd2 Qd6 36. cxb5 axb5 37. a4 Rb8 38. axb5 Rxb5 39. Rf6 Nxf6 40. gxf6 Rf7 41. Qxg6+ Kf8 42. Nc4 Qe6 43. Rf5 Rxb3 44. Qh6+ Ke8 45. Rxe5 Kd7 46. Rxe6 Kxe6 47. Qg6 Rb1+ 48. Kg2 {[%emt 0:16:52] Kd5} 1-0

[Event "94th FRA-ch Women 2019"]
[Site "Chartres"]
[Date "2019.08.20"]
[Round "4.2"]
[White "Navrotescu, Andreea-Cristiana"]
[Black "Monpeurt, Cyrielle"]
[Result "1-0"]
[ECO "A22"]
[WhiteElo "2210"]
[BlackElo "2171"]
[Annotator "NA"]
[PlyCount "69"]
[EventDate "2019.08.17"]
[EventType "tourn"]
[EventCountry "FRA"]
[SourceTitle "playchess.com"]
[Source "ChessBase"]
[SourceQuality "1"]
[TimeControl "40/5400+30:1800+30"]

1. c4 Nf6 2. Nc3 c6 3. e4 e5 4. Nf3 Bb4 5. Be2 d6 6. d3 O-O 7. Bg5 Nbd7 8. a3 Ba5 9. b4 Bc7 10. O-O h6 11. Bc1 Re8 12. Bb2 Nf8 13. Re1 Ng6 14. g3 d5 15. cxd5 cxd5 16. Bf1 Be6 17. Bg2 Qd7 18. exd5 Nxd5 19. Na4 Bg4 20. Qb3 Rad8 21. Nc5 Qf5 22. Nd2 Ndf4 23. gxf4 Nxf4 24. Re3 Bh3 25. Bf1 Rd6 26. Nde4 Rg6+ 27. Rg3 Bxf1 28. Kxf1 b6 29. Na6 Bd8 30. Bc1 Ree6 31. Ke1 Bh4 32. Bxf4 Qxf4 33. Nc7 Rc6 34. Nd5 Rc1+ 35. Ke2 1-0

[Event "94th FRA-ch Women 2019"]
[Site "Chartres"]
[Date "2019.08.20"]
[Round "4.3"]
[White "Guichard, Pauline"]
[Black "Milliet, Sophie"]
[Result "1/2-1/2"]
[ECO "A16"]
[WhiteElo "2405"]
[BlackElo "2397"]
[Annotator "NA"]
[PlyCount "97"]
[EventDate "2019.08.17"]
[EventType "tourn"]
[EventCountry "FRA"]
[SourceTitle "playchess.com"]
[Source "ChessBase"]
[SourceQuality "1"]
[TimeControl "40/5400+30:1800+30"]

1. c4 Nf6 2. g3 g6 3. Bg2 Bg7 4. Nc3 O-O 5. d3 d6 6. Rb1 c5 7. a3 Na6 8. Nf3 Nc7 9. O-O Rb8 10. b4 cxb4 11. axb4 d5 12. Bf4 dxc4 13. dxc4 Nd7 14. Qd3 e5 15. Bg5 f6 16. Be3 Nb6 17. Qc2 Nxc4 18. Bxa7 Ra8 19. Ra1 Be6 20. Rfd1 Qc8 21. Nd2 Nxd2 22. Qxd2 Rf7 23. Qe3 Na6 24. Bb6 Rd7 25. Rxd7 Qxd7 26. Rd1 Qf7 27. Qe4 Rc8 28. Nb5 Bf8 29. Ba5 b6 30. Bxb6 Nxb4 31. h4 Rb8 32. Nd6 Bxd6 33. Rxd6 Nd5 34. Bc5 Ne7 35. Ra6 Bd5 36. Qd3 Bxg2 37. Kxg2 Qd5+ 38. Qxd5+ Nxd5 39. Rd6 Nc3 40. Rxf6 Nxe2 41. Re6 Nc1 42. Be3 Nd3 43. Re7 Rb2 44. Kf3 h5 45. Kg2 Ne1+ 46. Kf1 Nf3 47. Kg2 Ne1+ 48. Kf1 Nf3 49. Kg2 1/2-1/2

[Event "94th FRA-ch Women 2019"]
[Site "Chartres"]
[Date "2019.08.20"]
[Round "4.4"]
[White "Richard, Emma"]
[Black "Broly, Mathilde"]
[Result "1/2-1/2"]
[ECO "C77"]
[WhiteElo "2104"]
[BlackElo "2177"]
[Annotator "NA"]
[PlyCount "56"]
[EventDate "2019.08.17"]
[EventType "tourn"]
[EventCountry "FRA"]
[SourceTitle "playchess.com"]
[Source "ChessBase"]
[SourceQuality "1"]
[TimeControl "40/5400+30:1800+30"]

1. e4 e5 2. Nf3 Nc6 3. Bb5 a6 4. Ba4 Nf6 5. d3 b5 6. Bb3 Bc5 7. Nc3 d6 8. Nd5 Be6 9. Bg5 Na5 10. Nxf6+ gxf6 11. Bh4 Nxb3 12. axb3 Rg8 13. d4 exd4 14. Nxd4 Rg4 15. Nxe6 Rxe4+ 16. Kd2 Rxe6 17. Qh5 Qe7 18. Rhe1 Kd7 19. Rxe6 fxe6 20. Qf3 c6 21. Bxf6 Qf7 22. g4 Bd4 23. g5 Bxb2 24. Ra2 Bd4 25. c3 Bb6 26. h4 Bd8 27. Ra1 a5 28. c4 b4 1/2-1/2

[Event "94th FRA-ch Women 2019"]
[Site "Chartres"]
[Date "2019.08.20"]
[Round "4.5"]
[White "Safranska, Anda"]
[Black "Thomas, Anysia"]
[Result "1-0"]
[ECO "B06"]
[WhiteElo "2128"]
[BlackElo "2158"]
[Annotator "NA"]
[PlyCount "175"]
[EventDate "2019.08.17"]
[EventType "tourn"]
[EventCountry "FRA"]
[SourceTitle "playchess.com"]
[Source "ChessBase"]
[SourceQuality "1"]
[TimeControl "40/5400+30:1800+30"]

1. Nf3 g6 2. e4 c5 3. c3 d5 4. e5 Bg7 5. d4 Nc6 6. Bb5 Nh6 7. O-O cxd4 8. cxd4 O-O 9. Bxc6 bxc6 10. h3 f6 11. exf6 exf6 12. Nc3 Nf7 13. Re1 Nd6 14. Bf4 Bf5 15. Rc1 Nc4 16. Na4 g5 17. Bg3 Re8 18. b3 Nb6 19. Nc5 Bf8 20. Nh2 Rxe1+ 21. Qxe1 Qe8 22. Qd2 Qf7 23. h4 h6 24. Nd3 Qg6 25. Nb4 Rc8 26. Na6 Be4 27. hxg5 hxg5 28. Nc5 Bf5 29. Nf3 Re8 30. Re1 Rxe1+ 31. Qxe1 Be4 32. Nd2 Bf5 33. Qe3 Nd7 34. Na4 Bg4 35. f3 Bf5 36. Qc3 Qe8 37. Kf2 Qc8 38. Nf1 Qa6 39. Ne3 Bd3 40. Kg1 Bb5 41. Qc2 Bd3 42. Qd2 Bg6 43. Nd1 Kf7 44. Bc7 Qb7 45. Bg3 Qa6 46. Nf2 Qb5 47. Bc7 Qb4 48. Ba5 Qd6 49. Qc1 Qe6 50. Kf1 c5 51. Bc3 Qa6+ 52. Ke1 cxd4 53. Bxd4 Bb4+ 54. Bc3 Bd6 55. Qd2 Qb5 56. Bd4 Ne5 57. Nc3 Qb4 58. Nxd5 Qb7 59. Bc3 Qb8 60. Ne4 Bxe4 61. fxe4 Qh8 62. Kd1 Qh1+ 63. Kc2 Qf1 64. Ne3 Qa6 65. a4 Kg6 66. Nf5 Ba3 67. Nd4 Qf1 68. Nb5 Bc5 69. Nc7 Qg1 70. Nd5 a6 71. Kb2 Qf1 72. Kc2 Ba3 73. Ne3 Qf4 74. Bxe5 Qxe4+ 75. Qd3 Qxd3+ 76. Kxd3 fxe5 77. Ke4 Kf6 78. Nc4 Bc1 79. Nxe5 Ke6 80. b4 Ba3 81. Nd3 Kd6 82. g4 Kc6 83. Kd4 a5 84. Ne5+ Kb7 85. b5 Bb4 86. Kd5 Be1 87. Nf3 Bh4 88. Nxh4 1-0

[Event "94th FRA-ch Women 2019"]
[Site "Chartres"]
[Date "2019.08.21"]
[Round "5.2"]
[White "Broly, Mathilde"]
[Black "Navrotescu, Andreea-Cristiana"]
[Result "1-0"]
[ECO "A28"]
[WhiteElo "2177"]
[BlackElo "2210"]
[Annotator "NA"]
[PlyCount "95"]
[EventDate "2019.08.17"]
[EventType "tourn"]
[EventCountry "FRA"]
[SourceTitle "playchess.com"]
[Source "ChessBase"]
[SourceQuality "1"]
[TimeControl "40/5400+30:1800+30"]

1. c4 e5 2. Nc3 Nf6 3. Nf3 Nc6 4. e3 Bb4 5. Qc2 O-O 6. Nd5 Bd6 7. a3 Nxd5 8. cxd5 Ne7 9. Bc4 b5 10. Bxb5 Nxd5 11. b3 c6 12. Be2 f5 13. d4 e4 14. Ne5 Bb7 15. Nc4 Bc7 16. g3 Qf6 17. h4 c5 18. Bb2 cxd4 19. Bxd4 Qh6 20. Kd2 Ne7 21. Ne5 Rac8 22. Qb2 d6 23. Bc4+ Bd5 24. Nc6 Kf7 25. Nxe7 Ba5+ 26. b4 Bxc4 27. Nxc8 Bc7 28. Nxa7 Qh5 29. Kc3 d5 30. Qd2 Qg6 31. a4 Qa6 32. Nb5 Bd8 33. Rhc1 Be7 34. Kb2 Rc8 35. Bc3 Bd3 36. Nd4 g6 37. Nb3 Rb8 38. b5 Qd6 39. Bd4 Bc4 40. Qc3 Rc8 41. a5 Qd7 42. a6 Qxb5 43. Ra5 Qb8 44. a7 Qb7 45. a8=Q Rxa8 46. Rxa8 Qxa8 47. Qa5 Qc8 48. Qxd5+ 1-0